cohdb
Replays
Latest Replays
All Replays
Popular Replays
Top Player Replays
Match Explorer
How It Works
Community
CoH3 Stats
Reddit
Sign in to upload your games and track your stats! →
Sign in with Steam
Match 40542985
Unlisted
Match 40542985
Overview
Messages
Build Orders
End
Construct Infanterie Kompanie
Selects Breakthrough Battlegroup
Grenadier Squad
Grenadier Squad
Grenadier Squad
Grenadier Squad
Infanterie Officer Quarters
Construct Panzergrenadier Kompanie
Selects 2.5-tonne Cargo Truck
2.5-tonne Cargo Truck
Pak 40 Anti-tank Gun Team
Selects Assault Grenadiers
Selects Smoke Bombing Run
Smoke Bombing Run
MG 42 Machine Gun Team
Construct Panzer Kompanie
MG 42 Bunker
Stoßtruppen Squad
Panzer IV Medium Tank
Smoke Bombing Run
Panzer IV Medium Tank
Side Skirts
Panzer Officer Quarters
Selects Blitzkrieg
Blitzkrieg
Panzer IV Medium Tank
Pioneer Squad
Selects Tiger Heavy Tank
Panzer IV Medium Tank
Selects Incendiary Bombing Run
Королева PizdаliSov
Her lovely Mars
Take the beer and watch my game
SirPakl
Kenneth
Altsin
MonoChrome
LordPavaz
0
0
Comments
sign in to comment!
No comments posted yet!